 Dungeon Crawl Stone Soup version 0.27-a0-1105-g946c659c87 (webtiles) character file.

Game seed: 3963074530545733939

623 lorenzova the Magician (level 7, 0/36 HPs)
             Began as a Deep Elf Conjurer on Apr 29, 2021.
             Slain by a troll (10 damage)
             ... on level 5 of the Dungeon.
             The game lasted 00:05:55 (3483 turns).

lorenzova the Magician (Deep Elf Conjurer)          Turns: 3483, Time: 00:05:55

Health: 0/36       AC:  3    Str:  4    XL:     7   Next: 22%
Magic:  14/20      EV: 12    Int: 25    God:
Gold:   167        SH:  0    Dex: 13    Spells: 10/21 levels left

rFire    . . .     SeeInvis .   n - +0 short sword
rCold    . . .     Faith    .   (no shield)
rNeg     + . .     Spirit   .   a - +0 robe
rPois    .         Reflect  .   e - +0 helmet
rElec    .         Harm     .   r - scarf {+Inv}
rCorr    .         Rampage  .   (no gloves)
Will     +....                  (no boots)
Stlth    ++........             (no amulet)
HPRegen  0.12/turn              o - ring of willpower
MPRegen  0.17/turn              m - ring of positive energy

@: no status effects
A: no striking features
a: Evoke Invisibility


You were on level 5 of the Dungeon.
You visited 1 branch of the dungeon, and saw 6 of its levels.

You collected 167 gold pieces.

Inventory:

Hand Weapons
 n - a +0 short sword (weapon)
Armour
 a - a +0 robe (worn)
 e - a +0 helmet (worn)
 r - a scarf of invisibility (worn)
Magical Staves
 s - a staff of cold
Jewellery
 m - a ring of positive energy (right hand)
 o - a ring of willpower (left hand)
Wands
 q - a wand of charming (7)
Scrolls
 b - a scroll of teleportation {unknown}
 c - a scroll of fog {unknown}
 h - a scroll of acquirement {unknown}
 j - a scroll of identify {unknown}
 k - a scroll of noise {unknown}
 l - a scroll of holy word {unknown}
Potions
 d - 2 potions of curing
 f - a potion of lignification {unknown}
 g - 2 potions of flight {unknown}
 i - a potion of ambrosia {unknown}
 p - a potion of degeneration {unknown}


   Skills:
 - Level 2.4 Dodging
 - Level 2.4 Stealth
 * Level 7.5 Spellcasting
 * Level 7.3 Conjurations
 + Level 1.9 Hexes
 + Level 1.4 Translocations


You had 10 spell levels left.
You knew the following spells:

 Your Spells              Type           Power      Damage    Failure   Level
a - Magic Dart            Conj           100%       1d8       1%          1
b - Searing Ray           Conj           90%        3d6       1%          2
c - Iskenderun's Mystic   Conj/Tloc      31%        2d8       11%         4
d - Fulminant Prism       Conj/Hex       16%        3d11      10%         4

Your spell library contained the following spells:

 Spells                   Type           Power      Damage    Failure   Level
 Dazzling Flash           Conj/Hex       64%        N/A       3%          3
 Confusing Touch          Hex            18%        N/A       9%          3
 Gell's Gravitas          Tloc           8%         N/A       11%         3
 Petrify                  Tmut/Erth      9%         N/A       54%         4
 Metabolic Englaciation   Hex/Ice        7%         N/A       75%         5
 Yara's Violent Unravell  Hex/Tmut       7%         3d5       75%         5


Dungeon Overview and Level Annotations

Branches:
Dungeon (6/15)
 Temple: D:4-7

Altars:


Message History

You finish putting on your scarf of invisibility.
You become transparent for a moment.
Okay, then.
Found a dagger.
You see here a +0 dagger.
A troll comes into view.
Casting: Searing Ray (safe; 1% risk of failure)
Confirm with . or Enter, or press ? or * to list all spells.
Aiming: Searing Ray (safe; 1% risk of failure)
Press: ? - help, Shift-Dir - straight line, f - troll
Aim: a troll (asleep, 100% to hit)
The searing ray hits the troll!
The troll is moderately wounded.
The troll shouts! (Press . to maintain the ray.)
You hear a shout!
The searing ray hits the troll!
The troll is heavily wounded.
Casting: Searing Ray (safe; 1% risk of failure)
Confirm with . or Enter, or press ? or * to list all spells.
The spell is quite dangerous to cast (11% risk of failure)!
Continue anyway?
Okay, then.
Casting: Iskenderun's Mystic Blast (quite dangerous; 11% risk of failure)
Confirm with . or Enter, or press ? or * to list all spells.
Aiming: Searing Ray (safe; 1% risk of failure)
Press: ? - help, Shift-Dir - straight line, f/p - troll
Aim: a troll (heavily wounded, 82% to hit)
The searing ray hits the troll!
The troll is heavily wounded. (Press . to maintain the ray.) Unknown command.
The searing ray hits the troll!
The troll is severely wounded.
The troll bites you. The troll claws you! x2
The searing ray hits the troll!
The troll is almost dead.
The troll closely misses you. The troll claws you.
* * * LOW HITPOINT WARNING * * *
The troll claws you!
You die...

#......... ##.
....... ... ......
#.# #...#### #.#
#.......
#.###...###
..#####......>..#
........##....#.#
#######@##.#..# #
#T##..).#(# ###
.#.##.##.#.#....
#......#.#........#
#.#.#.........#.#.#
...##...#>#.## #.#
#.....#.# #.
##..###.# # #..# ..


You could see a troll.

Vanquished Creatures
  Grinder (D:3)
  Blork the orc (D:4)
  A scorpion (D:3)
  4 wights (D:6)
  An orc wizard (D:3)
  2 adders (D:2)
  A worm (D:2)
  7 dart slugs
  6 orcs (D:3)
  7 ball pythons
  2 endoplasms
  3 giant cockroaches
  8 goblins
  8 hobgoblins
  3 jackals (D:1)
  A quokka (D:3)
  10 bats
  3 frilled lizards
  5 kobolds
  4 rats
78 creatures vanquished.

Notes
Turn   | Place    | Note
-------+----------+-------------------------------------------
     0 | D:1      | lorenzova the Deep Elf Conjurer began the quest for the
                  | Orb.
     0 | D:1      | Reached XP level 1. HP: 10/10 MP: 6/6
   363 | D:1      | Reached XP level 2. HP: 15/15 MP: 4/8
   366 | D:1      | Learned a level 2 spell: Searing Ray
   805 | D:1      | Reached skill level 5 in Conjurations
   805 | D:1      | Reached XP level 3. HP: 19/19 MP: 6/10
  1592 | D:2      | Reached XP level 4. HP: 24/24 MP: 10/12
  2170 | D:3      | Noticed a scorpion
  2177 | D:3      | Killed a scorpion
  2178 | D:3      | Reached skill level 5 in Spellcasting
  2178 | D:3      | Reached XP level 5. HP: 28/28 MP: 1/15
  2336 | D:3      | Noticed Grinder
  2351 | D:3      | Killed Grinder
  2352 | D:3      | Reached XP level 6. HP: 14/32 MP: 6/17
  2542 | D:3      | Learned a level 4 spell: Iskenderun's Mystic Blast
  2547 | D:3      | Learned a level 4 spell: Fulminant Prism
  3162 | D:4      | Noticed Blork the orc
  3167 | D:4      | Killed Blork the orc
  3168 | D:4      | Reached skill level 1 in Hexes
  3218 | D:4      | You fall into a shaft and drop 2 floors!
  3226 | D:6      | Reached skill level 1 in Translocations
  3230 | D:6      | Reached XP level 7. HP: 15/36 MP: 10/19
  3455 | D:5      | Entered Level 5 of the Dungeon
  3476 | D:5      | Noticed a troll
  3483 | D:5      | Slain by a troll

Illustrated notes

Levels and vault maps discovered:
D:1:      dpeg_arrival_water_temple_mockup, layout_rooms, st_stairs_6,
          minmay_hedge_maze, minmay_vboxes
D:2:      layout_basic, minmay_between
D:3:      layout_rooms, minmay_misc_feat_doors, uniq_grinder
D:4:      layout_rooms, uniq_blork_the_orc
D:5:      layout_loops_cross, gammafunk_temple_overflow_wave,
          nicolae_temple_entry_ecumenical, serial_glass, glass_columns_a,
          glass_columns_a, uniq_ijyb, uniq_sigmund
D:6:      layout_loops_ring, kennysheep_mini_moat, gammafunk_ghost_arena

Skill      XL: |  1  2  3  4  5  6 |
---------------+-------------------+-----
Spellcasting   | 4 5 6 7 |  7.5
Conjurations   | 5 6 7 |  7.3
Hexes          | 1 |  1.9
Translocations | 1 |  1.4
Dodging        | |  2.4
Stealth        | |  2.4

Action                   |  1- 3 |  4- 6 |  7- 9 || total
-------------------------+-------+-------+-------++-------
 Cast: Magic Dart        |    78 |    41 |       ||   119
       Searing Ray       |     2 |    10 |     4 ||    16
Dodge: Dodged            |     3 |     6 |     1 ||    10

Table legend: (Time is in decaauts)
 A = Elapsed time spent in this place.
 B = Non-inter-level travel time spent in this place.
 C = Inter-level travel time spent in this place.
 D = Time resting spent in this place.
 E = Time spent auto-exploring this place.
 F = Levels seen in this place.
 G = Mean time per level.
                   A        B        C        D        E       F      G
               +--------+--------+--------+--------+--------+-----+--------+
         Total |   3480 |   3392 |     88 |   1615 |   1402 |   6 |  580.0 |
       Dungeon |   3480 |   3392 |     88 |   1615 |   1402 |   6 |  580.0 |
               +--------+--------+--------+--------+--------+-----+--------+

Top non-repeatable levels by time:
     D:1: 1208 daAuts
     D:3: 1043 daAuts
     D:2: 908 daAuts
     D:6: 236 daAuts
     D:4: 55 daAuts
     D:5: 27 daAuts
